 Dungeon Crawl Stone Soup version 0.22-a0-897-g1b7a381375 (webtiles) character file.

465 IcyTea the Cudgeler (level 6, 0/56 HPs)
             Began as a Draconian Wanderer on July 31, 2018.
             Slain by a hound (3 damage)
             ... on level 4 of the Dungeon.
             The game lasted 00:11:57 (3894 turns).

IcyTea the Cudgeler (Draconian Wanderer)            Turns: 3894, Time: 00:11:57

Health: 0/56       AC:  6    Str: 18    XL:     6   Next: 80%
Magic:  7/7        EV: 11    Int: 14    God:
Gold:   197        SH:  3    Dex: 12    Spells: 5/5 levels left

rFire    . . .     SeeInvis .   p - +0 mace
rCold    . . .     Gourm    .   v - +0 buckler
rNeg     . . .     Faith    .   (armour unavailable)
rPois    .         Spirit   .   (helmet restricted)
rElec    .         Reflect  .   (no cloak)
rCorr    .         Harm     .   (no gloves)
MR       .....                  (no boots)
Stlth    ++........             (no amulet)
HPRegen  0.18/turn              (no ring)
MPRegen  0.10/turn              (no ring)

@: mighty
A: unfitting armour, cold-blooded, AC +6
a: no special abilities


You were on level 4 of the Dungeon.
You were very hungry.

You visited 1 branch of the dungeon, and saw 4 of its levels.

You collected 197 gold pieces.

Inventory:

Hand Weapons
 p - a +0 mace (weapon)
Missiles
 t - a throwing net (quivered)
Armour
 v - a +0 buckler (worn)
Wands
 d - a wand of random effects (15)
 o - a wand of flame (25)
Scrolls
 a - a scroll of blinking
 f - 2 scrolls of amnesia
 i - a scroll of enchant weapon {unknown}
 j - 3 scrolls of identify
 n - a scroll of immolation {unknown}
 q - a scroll of remove curse {unknown}
 r - a scroll of enchant armour {unknown}
 s - a scroll of teleportation {unknown}
 u - a scroll of magic mapping {unknown}
Potions
 b - 3 potions of haste
 c - a potion of lignification
 h - a potion of agility {unknown}
 l - a potion of heal wounds {unknown}
 m - a potion of curing
Comestibles
 g - 6 rations


   Skills:
 - Level 5.0 Fighting
 + Level 6.1 Maces & Flails
   Level 1.0 Crossbows
 - Level 1.0 Dodging
 - Level 1.7 Stealth
 - Level 1.0 Unarmed Combat
 - Level 2.0 Evocations


You had 5 spell levels left.
You didn't know any spells.
Your spell library was empty.

Dungeon Overview and Level Annotations

Branches:
Dungeon (4/15)
 Temple: D:4-7

Altars:
Elyvilon
Fedhas


Innate Abilities, Weirdness & Mutations

Your plain brown scales are hard. (AC +6)
You cannot fit into any form of body armour.
You are cold-blooded and may be slowed by cold attacks.


Message History

The worker ant bites you.
* * * LOW HITPOINT WARNING * * *
You thump the worker ant!
You kill the worker ant!
An adder skeleton comes into view.
You barely miss the hound. The hound bites you.
* * * LOW HITPOINT WARNING * * *
The hound bites you.
* * * LOW HITPOINT WARNING * * *
You feel very mighty all of a sudden. The hound bites you.
* * * LOW HITPOINT WARNING * * *
The hound closely misses you.
You sock the hound!
The hound is heavily wounded.
The hound bites you.
* * * LOW HITPOINT WARNING * * *
The howler monkey hoots and howls with incredible vigour!
It was a potion of magic.
Magic courses through your body. The hound bites you.
You die...

.######.# ........######
.............#
.#...#.##.#..####
.##..#..........#
.......###.###..##
.......#.....#...
.#...#.#.....#Z#########
..............hh@.......
.....#.#...>.#.#########
##..##.#.....#.# ...##
###.###.# ###h .... ...
...#. ..# .... .... ####
####


You could see a howler monkey, a hound and an adder skeleton.

Vanquished Creatures
  An ogre (D:4)
  A howler monkey (D:4)
  A centaur skeleton (D:3)
  Terence (D:2)
  Natasha (twice) (D:2)
  An iguana (D:4)
  2 worker ants (D:4)
  6 adders
  4 oozes
  3 worms
  2 dart slugs (D:2)
  3 leopard geckos
  2 orcs
  3 giant cockroaches
  6 goblins
  10 hobgoblins
  2 jackals (D:3)
  11 bats
  6 frilled lizards
  11 kobolds
  2 quokka skeletons (D:4)
  6 rats
  A fungus (D:3)
87 creatures vanquished.

Vanquished Creatures (others)
  2 fungi (D:3)
2 creatures vanquished.

Grand Total: 89 creatures vanquished

Notes
Turn   | Place    | Note
-------+----------+-------------------------------------------
     0 | D:1      | IcyTea the Draconian Wanderer began the quest for the Orb.
     0 | D:1      | IcyTea set off with: a scroll of blinking, a potion of haste, a potion of lignification, a wand of random effects (15), a +0 club, a +0 dagger, a ration
     0 | D:1      | Reached XP level 1. HP: 19/19 MP: 2/2
   260 | D:1      | Reached XP level 2. HP: 20/27 MP: 3/3
   836 | D:2      | Noticed Terence
  1131 | D:2      | Reached XP level 3. HP: 34/34 MP: 4/4
  1363 | D:2      | Reached skill level 5 in Fighting
  1493 | D:2      | Killed Terence
  1493 | D:2      | Reached skill level 1 in Maces & Flails
  1493 | D:2      | Reached XP level 4. HP: 37/42 MP: 5/5
  1656 | D:2      | Noticed Natasha
  1660 | D:2      | Killed Natasha
  1660 | D:2      | Reached skill level 2 in Maces & Flails
  1926 | D:2      | Reached skill level 3 in Maces & Flails
  1991 | D:2      | Noticed Natasha
  2013 | D:2      | Killed Natasha
  2013 | D:2      | Reached XP level 5. HP: 43/48 MP: 6/6
  2034 | D:2      | Found a white marble altar of Elyvilon.
  2593 | D:3      | Reached skill level 4 in Maces & Flails
  2642 | D:3      | Found a blossoming altar of Fedhas.
  3463 | D:4      | Reached XP level 6. HP: 12/56 MP: 7/7
  3737 | D:4      | Reached skill level 5 in Maces & Flails
  3887 | D:4      | Reached skill level 6 in Maces & Flails
  3894 | D:4      | Slain by a hound

Vault maps used:
D:1:      eino_arrival_water_cross
D:2:      minmay_door_path, lemuel_coloured_pillars_altar, first_ration,
          uniq_natasha, uniq_terence
D:3:      fedhas_altar_3, kennysheep_generic_room_5
D:4:      kennysheep_pointless_box, st_stairs_3, nemelex_lonely_heart_becter

Skill      XL: |  1  2  3  4  5  6 |
---------------+-------------------+-----
Fighting       | 4 5 |  5.0
Maces & Flails | 1 3 4 6 |  6.1
Crossbows      | |  1.0
Dodging        | |  1.0
Stealth        | |  1.7
Unarmed Combat | |  1.0
Evocations     | |  2.0

Action                   |  1- 3 |  4- 6 || total
-------------------------+-------+-------++-------
Melee: Whip              |   122 |       ||   122
       Tailslap          |     9 |    34 ||    43
       Mace              |       |   303 ||   303
  Use: Potion            |     1 |     3 ||     4
       Scroll            |       |     1 ||     1
 Stab: Sleeping          |     3 |     2 ||     5
  Eat: Chunk             |     2 |     7 ||     9
Armor: Skin              |    52 |    98 ||   150
Dodge: Dodged            |    70 |   196 ||   266
Block: Buckler           |       |     6 ||     6

Table legend:
 A = Spawn XP
 B = Non-spawn XP
 C = Spawn XP percentage of total XP
 D = Spawn monster count
 E = Non-spawn monster count
 F = Spawn count percentage of total count
 G = Total turns spent on level
                    A         B        C        D         E        F      G
               +---------+---------+-------+---------+---------+-------+---------
         Total |       0 |     665 |   0.0 |       0 |      86 |   0.0 |  3894
               +---------+---------+-------+---------+---------+-------+---------
           D:1 |       0 |      38 |   0.0 |       0 |      20 |   0.0 |  1088
           D:2 |       0 |     203 |   0.0 |       0 |      33 |   0.0 |  1718
           D:3 |       0 |     135 |   0.0 |       0 |      24 |   0.0 |   644
           D:4 |       0 |     289 |   0.0 |       0 |       9 |   0.0 |   444
               +---------+---------+-------+---------+---------+-------+---------
